 Dungeon Crawl Stone Soup version 0.30.0-29-ga12c61a403 (webtiles) character file.

Game seed: 15266187186335123175

15759 qw the Cleaver (level 12, -3/77 HPs)
             Began as a Gargoyle Fighter on June 5, 2023.
             Was a Priest of Okawaru.
             Killed by divine providence
             ... invoked by a meliai
              (16 damage)
             ... on level 3 of the Lair of Beasts.
             The game lasted 00:05:18 (10984 turns).

qw the Cleaver (Gargoyle Fighter)                  Turns: 10984, Time: 00:05:18

Health: -3/77      AC: 31    Str: 25    XL:     12   Next: 30%
Magic:  15/16      EV:  9    Int:  9    God:    Okawaru [***...]
Gold:   640        SH:  6    Dex:  9    Spells: 11/11 levels left

rFire   . . .        x - -2 demon whip (venom)
rCold   . . .        c - +0 buckler
rNeg    + . .        y - +0 plate armour
rPois   inf          o - +0 helmet
rElec   +            j - +0 cloak
rCorr   +            m - +0 pair of gloves
SInv    .            g - +0 pair of boots
Will    .....        i - amulet of faith Stlth
                     k - +4 ring of slaying {mikee}
HPRegen 0.32/turn    b - ring of resist corrosion
MPRegen 0.15/turn

%: faith
@: about to teleport, heroic
A: sickness immunity, AC +8, negative energy resistance 1, electricity
resistance, torment resistance 1, petrification resistance
a: Renounce Religion, Heroism


You were on level 3 of the Lair of Beasts.
You worshipped Okawaru.
Okawaru was most pleased with you.
You visited 3 branches of the dungeon, and saw 12 of its levels.
You also visited: Ossuary.

You collected 989 gold pieces.
You spent 349 gold pieces at shops.


Innate Abilities, Weirdness & Mutations

You are immune to sickness and miasma.
Your stone body is resilient. (AC +8)
You are immune to poison.
You resist negative energy. (rN+)
You are resistant to electric shocks. (rElec)
You are resistant to unholy torment.
You are immune to petrification.


   Skills:
 - Level 10.0(15.0) Fighting
 + Level 12.1(17.1) Axes
 - Level 3.4(8.4) Throwing
 - Level 9.0(14.0) Armour
 - Level 2.9(7.9) Dodging
 - Level 6.0(11.0) Shields
 - Level 6.6 Invocations


You had 11 spell levels left.
You didn't know any spells.
Your spell library was empty.

Inventory:

Hand Weapons
 x - a -2 demon whip of venom (weapon)
 Y - a +7 heavy war axe
Missiles
 q - 2 javelins (quivered)
Armour
 c - a +0 buckler (worn)
 g - a +0 pair of boots (worn)
 j - a +0 cloak (worn)
 m - a +0 pair of gloves (worn)
 o - a +0 helmet (worn)
 y - a +0 plate armour (worn)
Jewellery
 b - a ring of resist corrosion (right hand)
 i - an amulet of faith (around neck)
 k - a +4 ring of slaying (left hand) {mikee}
 n - a ring of fire
 u - an amulet of reflection
Scrolls
 a - 7 scrolls of identify
 h - 7 scrolls of teleportation
Potions
 d - 3 potions of might
 e - 2 potions of magic
 f - 6 potions of curing
 l - a potion of cancellation
 p - 3 potions of heal wounds
 s - 4 potions of mutation
 t - 3 potions of attraction
 v - a potion of lignification

Dungeon Overview and Level Annotations

Branches:
Dungeon (8/15)             Temple (1/1) D:5            Lair (3/5) D:8
 Shoals (0/4) Lair:3        Snake (0/4) Lair:2      Ossuary (visited)

Altars:
Ashenzari
Cheibriados
Dithmenos
Elyvilon
Fedhas
Gozag
Hepliaklqana
Makhleb
Nemelex Xobeh
Okawaru
Qazlal
Ru
Sif Muna
Trog
Uskayaw
Wu Jian
Xom
Zin
The Shining One

Shops:
D:5 [   D:6 ?

Annotations:
Lair:3 3 runed translucent doors, qw's ghost, journeyman GrFi


Message History

x - a -2 demon whip of venom (weapon)
You block the meliai's attack. The meliai closely misses you.
You barely miss the meliai.
The meliai is lightly wounded.
The five-headed hydra closely misses you. x2
The five-headed hydra bites you but does no damage. x3
The meliai barely misses you.
The meliai stings you but does no damage.
You whack the five-headed hydra!
The five-headed hydra is moderately wounded.
You hear an angry buzzing noise.
A killer bee comes into view.
The meliai calls down the wrath of its god upon you.
Something smites you!
You hear an angry buzzing noise.
You hear a deafening roar!
You hear an angry hiss.
You barely miss the five-headed hydra.
The five-headed hydra is moderately wounded.
You hear an angry buzzing noise.
The five-headed hydra bites you.
The five-headed hydra barely misses you.
The five-headed hydra bites you but does no damage. x3
The meliai hits you but does no damage.
The meliai stings you but does no damage.
You hear an angry buzzing noise.
You whack the five-headed hydra!
The five-headed hydra is heavily wounded.
The meliai hits you but does no damage. The meliai barely misses you.
You whack the five-headed hydra!
The five-headed hydra is heavily wounded.
The meliai hits you with a +0 war axe! You block the meliai's attack.
The five-headed hydra bites you!
The five-headed hydra barely misses you.
The five-headed hydra bites you but does no damage. x3
10984 ||| READING 8 scrolls of teleportation.
As you read the scroll of teleportation, it crumbles to dust.
You feel strangely unstable.
The meliai calls down the wrath of its god upon you.
Something smites you!
You die...

###..#.#)......#.##.########...
##..#(#######.#.####.#..#....
#...## ##...##...#....>. #.#.#
#.#.#..#..#..... #.#.#
#.#.#.....#..... #.#.#y#
#.#.#..#..#..... #...# y?
##...##...#......
##.#)###.###:#..###.#..#.... #
#)..yyD@#.#..########...
#.#.###y#.##....# ####...
....##.....# ......#
######...P..##.#...##
##....#......## #####..%#%.##
###.....#### #...#..###.##
#.#....###...


You could see a five-headed hydra, 2 meliai and a killer bee.

Vanquished Creatures
  A hydra (Lair:2)
  An ice dragon (Lair:2)
  Amaemon (Lair:2)
  A skyshark (Lair:2)
  A lindwurm (Lair:3)
  3 black mambas (Lair:2)
  A water nymph (Lair:3)
  An orange demon (Lair:2)
  6 cane toads
  2 rime drakes
  2 komodo dragons
  A hornet (D:7)
  6 blink frogs
  3 wyverns
  7 yaks
  2 steam dragons
  3 basilisks
  2 nagas (Lair:2)
  3 water moccasins
  A black bear (D:5)
  2 sky beasts (D:6)
  2 orc warriors
  2 ice beasts
  2 ogres (D:6)
  A centaur (D:7)
  A wolf (Lair:3)
  9 bullfrogs
  2 kobold brigands
  13 scorpions
  5 wights (D:8)
  20 killer bees
  4 howler monkeys
  2 centaur zombies (Ossuary)
  2 jellies
  3 hounds
  A human zombie (Ossuary)
  4 orc priests
  A gnoll bouda (D:4)
  2 sleepcaps (D:5)
  Terence (D:2)
  3 iguanas (D:6)
  4 scorpion zombies (Ossuary)
  Natasha (D:3)
  3 orc wizards
  3 mummies (Ossuary)
  3 gnolls (D:4)
  11 adders
  A shadow imp (D:6)
  3 white imps
  An ufetubus (D:5)
  2 worms (D:2)
  4 dart slugs
  18 orcs
  7 bats
  6 endoplasms
  4 giant cockroaches
  3 gnoll zombies (Ossuary)
  10 goblins
  11 hobgoblins
  4 jackals (D:5)
  3 quokkas
  4 ball pythons
  2 frilled lizards
  2 goblin zombies (Ossuary)
  3 hobgoblin zombies (Ossuary)
  19 kobolds
  4 kobold zombies (Ossuary)
  An orc zombie (Ossuary)
  6 rats
273 creatures vanquished.

Notes
Turn   | Place    | Note
-------+----------+-------------------------------------------
     0 | D:1      | qw the Gargoyle Fighter began the quest for the Orb.
     0 | D:1      | Reached XP level 1. HP: 14/14 MP: 1/1
     0 | D:1      | 0 ||| qw: Version: 0.2-a-108-gee2c290
     0 | D:1      | 0 ||| qw: Game counter: 1419
     0 | D:1      | 0 ||| qw: Always use a shield: true
     0 | D:1      | 0 ||| qw: God list: Okawaru
     0 | D:1      | 0 ||| qw: Allow faded altars: false
     0 | D:1      | 0 ||| qw: Do Orc after D:15 true
     0 | D:1      | 0 ||| qw: Do second Lair branch before Depths: true
     0 | D:1      | 0 ||| qw: Lair rune preference: random
     0 | D:1      | 0 ||| qw: Plans: Normal, Zot:1-4, Slime:5, God:TSO, Crypt,
                  | Tomb, Abyss, Pan, Hells, Win
     0 | D:1      | 0 ||| PLANNING D:1-11
    22 | D:1      | 22 ||| Stepping ~*~*~tactically~*~*~ (stealth).
    45 | D:1      | Reached skill level 2 in Axes
   268 | D:1      | Reached XP level 2. HP: 19/19 MP: 2/2
   846 | D:1      | 846 ||| UPGRADING to +0 pair of boots.
   851 | D:1      | 851 ||| UPGRADING to +0 cloak.
   856 | D:1      | 856 ||| UPGRADING to +0 pair of gloves.
   861 | D:1      | 861 ||| UPGRADING to amulet of faith.
   866 | D:1      | 866 ||| UPGRADING to +4 ring of slaying {mikee}.
   867 | D:1      | 867 ||| READING 2 scrolls labelled USMIUT DIUTERCH.
   868 | D:1      | 868 ||| READING scroll labelled EFOVAECAULY.
   903 | D:2      | Reached skill level 3 in Axes
   909 | D:2      | Reached XP level 3. HP: 22/23 MP: 3/3
  1194 | D:2      | 1194 ||| Stepping ~*~*~tactically~*~*~ (hiding).
  1263 | D:2      | 1263 ||| Stepping ~*~*~tactically~*~*~ (hiding).
  1266 | D:2      | 1266 ||| Stepping ~*~*~tactically~*~*~ (hiding).
  1276 | D:2      | 1276 ||| Stepping ~*~*~tactically~*~*~ (hiding).
  1456 | D:2      | Noticed Terence
  1467 | D:2      | Killed Terence
  1468 | D:2      | Reached skill level 4 in Axes
  1468 | D:2      | Reached XP level 4. HP: 23/28 MP: 4/4
  1925 | D:2      | 1925 ||| UPGRADING to +0 helmet.
  1930 | D:2      | 1930 ||| READING scroll labelled EXTERHE OFIC.
  1931 | D:2      | 1931 ||| DRINKING 2 red potions.
  1934 | D:2      | 1934 ||| DRINKING 2 glowing inky potions.
  1935 | D:2      | 1935 ||| DROPPING potion of ambrosia.
  2028 | D:3      | 2028 ||| Stepping ~*~*~tactically~*~*~ (stealth).
  2101 | D:3      | Found a faded altar of an unknown god.
  2188 | D:3      | Found a glowing golden altar of the Shining One.
  2207 | D:3      | Reached XP level 5. HP: 32/32 MP: 5/5
  2222 | D:3      | 2222 ||| Stepping ~*~*~tactically~*~*~ (hiding).
  2290 | D:3      | 2290 ||| Stepping ~*~*~tactically~*~*~ (hiding).
  2303 | D:3      | Reached skill level 5 in Axes
  2381 | D:3      | 2381 ||| Stepping ~*~*~tactically~*~*~ (hiding).
  2758 | D:3      | Noticed Natasha
  2759 | D:3      | 2759 ||| Stepping ~*~*~tactically~*~*~ (hiding).
  2771 | D:3      | Killed Natasha
  3014 | D:3      | 3014 ||| READING scroll labelled PORA SEILUASE.
  3036 | D:3      | 3036 ||| READING scroll labelled HOEZACRAETT.
  3054 | D:4      | Reached skill level 1 in Dodging
  3054 | D:4      | Reached XP level 6. HP: 38/38 MP: 6/6
  3058 | D:4      | 3058 ||| DROPPING +0 whip.
  3335 | D:4      | 3335 ||| Stepping ~*~*~tactically~*~*~ (hiding).
  3571 | D:4      | Reached skill level 6 in Axes
  3727 | D:4      | Reached XP level 7. HP: 41/43 MP: 7/7
  3996 | D:4      | 3996 ||| READING scroll labelled ZALIRPH LOFOIPI.
  3997 | D:4      | 3997 ||| READING 3 scrolls of identify.
  3997 | D:4      | 3997 ||| IDENTIFYING metallic puce potion
  3998 | D:4      | 3998 ||| READING 2 scrolls of identify.
  3998 | D:4      | 3998 ||| IDENTIFYING smoky yellow potion
  4010 | D:5      | Entered Level 5 of the Dungeon
  4066 | D:5      | Found a staircase to the Ecumenical Temple.
  4067 | D:5      | 4067 ||| PLANNING TEMPLE
  4071 | Temple   | Entered the Ecumenical Temple
  4220 | Temple   | 4220 ||| PLANNING D:1-11
  4255 | D:5      | 4255 ||| Stepping ~*~*~tactically~*~*~ (stealth).
  4292 | D:5      | 4292 ||| Stepping ~*~*~tactically~*~*~ (stealth).
  4303 | D:5      | 4303 ||| Stepping ~*~*~tactically~*~*~ (stealth).
  4309 | D:5      | Reached skill level 7 in Axes
  4384 | D:5      | 4384 ||| Stepping ~*~*~tactically~*~*~ (stealth).
  4408 | D:5      | 4408 ||| Stepping ~*~*~tactically~*~*~ (stealth).
  4450 | D:5      | 4450 ||| Stepping ~*~*~tactically~*~*~ (stealth).
  4700 | D:5      | Found Itesayguo's Armour Boutique.
  4703 | D:5      | 4703 ||| BUYING +0 leather armour "Dilojer" {rC+ Int+3}
                  | (245 gold).
  4703 | D:5      | Bought the +0 leather armour "Dilojer" {rC+ Int+3} for 245
                  | gold pieces
  4703 | D:5      | 4703 ||| SHOPLISTING +0 plate armour (253 gold, have 31).
  4998 | D:6      | 4998 ||| PLANNING OSSUARY
  5002 | D:6      | Reached XP level 8. HP: 49/49 MP: 8/8
  5054 | D:6      | Found a sand-covered staircase.
  5061 | Ossuary  | Entered an ossuary
  5138 | Ossuary  | Reached skill level 8 in Axes
  5176 | Ossuary  | Reached skill level 6 in Fighting
  5260 | Ossuary  | Reached skill level 9 in Axes
  5294 | Ossuary  | Reached XP level 9. HP: 55/55 MP: 9/9
  5340 | Ossuary  | 5340 ||| READING 4 scrolls labelled FIMMERE DUICI.
  5341 | Ossuary  | 5341 ||| READING 3 scrolls of enchant weapon.
  5341 | Ossuary  | 5341 ||| ENCHANTING +1 heavy war axe.
  5342 | Ossuary  | 5342 ||| READING 2 scrolls of enchant weapon.
  5342 | Ossuary  | 5342 ||| ENCHANTING +2 heavy war axe.
  5343 | Ossuary  | 5343 ||| READING scroll of enchant weapon.
  5343 | Ossuary  | 5343 ||| ENCHANTING +3 heavy war axe.
  5344 | Ossuary  | 5344 ||| READING 2 scrolls labelled RYGEKL ANYIPRU.
  5345 | Ossuary  | 5345 ||| READING scroll labelled JECLUGGISH.
  5346 | Ossuary  | 5346 ||| READING scroll labelled COPTEA VUAG.
  5347 | Ossuary  | 5347 ||| DRINKING 2 cyan potions.
  5348 | Ossuary  | 5348 ||| READING 2 scrolls of identify.
  5348 | Ossuary  | 5348 ||| IDENTIFYING bubbling golden potion
  5349 | Ossuary  | 5349 ||| DROPPING potion of flight.
  5350 | Ossuary  | 5350 ||| DROPPING scroll of poison.
  5385 | D:6      | 5385 ||| PLANNING D:1-11
  5794 | D:6      | Found a shimmering blue altar of Sif Muna.
  5798 | D:6      | 5798 ||| Stepping ~*~*~tactically~*~*~ (stealth).
  5848 | D:6      | Found Fuebimpe's Magic Scroll Shoppe.
  5853 | D:6      | 5853 ||| BUYING scroll of enchant weapon (82 gold).
  5853 | D:6      | Bought a scroll of enchant weapon for 82 gold pieces
  5853 | D:6      | 5853 ||| SHOPLISTING scroll of enchant weapon (82 gold,
                  | have 36).
  5853 | D:6      | 5853 ||| BUYING scroll of identify (22 gold).
  5853 | D:6      | Bought a scroll of identify for 22 gold pieces
  5853 | D:6      | 5853 ||| SHOPLISTING scroll of identify (22 gold, have 14).
  5853 | D:6      | 5853 ||| READING scroll of enchant weapon.
  5853 | D:6      | 5853 ||| ENCHANTING +4 heavy war axe.
  5940 | D:6      | 5940 ||| Stepping ~*~*~tactically~*~*~ (stealth).
  6101 | D:6      | 6101 ||| Stepping ~*~*~tactically~*~*~ (stealth).
  6562 | D:6      | 6562 ||| DROPPING +0 leather armour "Dilojer" {rC+ Int+3}.
  6563 | D:6      | 6563 ||| DROPPING +0 leather armour of fire resistance.
  6564 | D:6      | 6564 ||| UPGRADING to +0 plate armour.
  6574 | D:6      | 6574 ||| DROPPING +0 scale mail.
  6575 | D:6      | 6575 ||| READING 2 scrolls labelled KIRULAC YLOIGO.
  6576 | D:6      | 6576 ||| READING 3 scrolls labelled UKOSAYJARGH.
  6577 | D:6      | 6577 ||| READING 4 scrolls of identify.
  6577 | D:6      | 6577 ||| IDENTIFYING grey potion
  6578 | D:6      | 6578 ||| READING 3 scrolls of identify.
  6578 | D:6      | 6578 ||| IDENTIFYING golden potion
  6579 | D:6      | 6579 ||| READING 2 scrolls of identify.
  6579 | D:6      | 6579 ||| IDENTIFYING fizzy grey potion
  6580 | D:6      | 6580 ||| DROPPING scroll of blinking.
  6581 | D:6      | 6581 ||| DROPPING 2 scrolls of fog.
  6582 | D:6      | 6582 ||| DROPPING potion of invisibility.
  6594 | D:7      | 6594 ||| Stepping ~*~*~tactically~*~*~ (hiding).
  6685 | D:7      | Found a flagged portal.
  6736 | D:7      | You fall into a shaft and drop 1 floor!
  6770 | D:7      | Found an iron altar of Okawaru.
  7055 | D:7      | 7055 ||| READING scroll labelled BEIZEE HIYMMIT.
  7056 | D:7      | 7056 ||| READING 2 scrolls of identify.
  7056 | D:7      | 7056 ||| IDENTIFYING brown potion
  7057 | D:7      | 7057 ||| DROPPING potion of berserk rage.
  7332 | D:8      | Noticed a hornet
  7338 | D:8      | 7338 ||| STAIRDANCE
  7341 | D:7      | Killed a hornet
  7393 | D:8      | Reached skill level 6 in Armour
  7418 | D:8      | Reached XP level 10. HP: 57/63 MP: 10/10
  7477 | D:8      | Reached skill level 10 in Axes
  7609 | D:8      | Found a staircase to the Lair.
  7630 | D:8      | 7630 ||| Stepping ~*~*~tactically~*~*~ (stealth).
  7780 | D:8      | 7780 ||| UPGRADING to ring of resist corrosion.
  7781 | D:8      | 7781 ||| DROPPING ring of flight.
  7796 | D:7      | 7796 ||| PLANNING OKAWARU WORSHIP
  7803 | D:7      | Became a worshipper of Warmaster Okawaru
  7803 | D:7      | 7803 ||| PLANNING LAIR
  7855 | Lair:1   | Entered Level 1 of the Lair of Beasts
  7968 | Lair:1   | Noticed a cane toad
  7969 | Lair:1   | 7969 ||| Stepping ~*~*~tactically~*~*~ (stealth).
  7984 | Lair:1   | Killed a cane toad
  8092 | Lair:1   | Noticed a cane toad
  8099 | Lair:1   | Killed a cane toad
  8099 | Lair:1   | Reached * piety under Okawaru
  8337 | Lair:1   | You fall into a shaft and drop 1 floor!
  8337 | Lair:2   | Noticed a cane toad
  8338 | Lair:2   | 8338 ||| INVOKING Heroism.
  8342 | Lair:2   | Noticed a cane toad
  8342 | Lair:2   | Noticed a black mamba
  8343 | Lair:2   | Killed a cane toad
  8344 | Lair:2   | Reached skill level 1 in Invocations
  8349 | Lair:2   | 8349 ||| INVOKING Heroism.
  8351 | Lair:2   | Killed a black mamba
  8352 | Lair:2   | Reached skill level 3 in Invocations
  8352 | Lair:2   | Killed a cane toad
  8354 | Lair:2   | Reached ** piety under Okawaru
  8387 | Lair:2   | Noticed a cane toad
  8388 | Lair:2   | 8388 ||| Stepping ~*~*~tactically~*~*~ (stealth).
  8390 | Lair:2   | 8390 ||| Stepping ~*~*~tactically~*~*~ (stealth).
  8391 | Lair:2   | 8391 ||| Stepping ~*~*~tactically~*~*~ (stealth).
  8465 | Lair:2   | Noticed a black mamba
  8466 | Lair:2   | 8466 ||| INVOKING Heroism.
  8471 | Lair:2   | Killed a black mamba
  8473 | Lair:2   | Reached XP level 11. HP: 54/68 MP: 11/14
  8478 | Lair:2   | Noticed a five-headed hydra
  8484 | Lair:2   | Reached skill level 11 in Axes
  8485 | Lair:2   | 8485 ||| SWAPPING to +1 heavy flail.
  8490 | Lair:2   | 8490 ||| INVOKING Heroism.
  8492 | Lair:2   | Killed a five-headed hydra
  8493 | Lair:2   | 8493 ||| SWAPPING to +5 heavy war axe.
  8524 | Lair:2   | 8524 ||| Stepping ~*~*~tactically~*~*~ (stealth).
  8525 | Lair:2   | 8525 ||| Stepping ~*~*~tactically~*~*~ (stealth).
  8526 | Lair:2   | 8526 ||| Stepping ~*~*~tactically~*~*~ (stealth).
  8530 | Lair:2   | 8530 ||| Stepping ~*~*~tactically~*~*~ (stealth).
  8532 | Lair:2   | 8532 ||| INVOKING Heroism.
  8537 | Lair:2   | Reached skill level 9 in Fighting
  8635 | Lair:2   | 8635 ||| READING 5 scrolls of identify.
  8635 | Lair:2   | 8635 ||| IDENTIFYING glowing dark potion
  9207 | Lair:2   | 9207 ||| INVOKING Heroism.
  9210 | Lair:2   | Reached *** piety under Okawaru
  9383 | Lair:2   | Noticed Amaemon
  9384 | Lair:2   | 9384 ||| INVOKING Heroism.
  9390 | Lair:2   | Reached skill level 9 in Armour
  9400 | Lair:2   | Killed Amaemon
  9406 | Lair:2   | Reached **** piety under Okawaru
  9413 | Lair:2   | Received a gift from Okawaru
  9471 | Lair:2   | 9471 ||| INVOKING Heroism.
  9487 | Lair:2   | Reached skill level 12 in Axes
  9547 | Lair:2   | 9547 ||| DROPPING +1 heavy flail.
  9551 | Lair:2   | Found a staircase to the Snake Pit.
  9602 | Lair:2   | Noticed a skyshark
  9612 | Lair:2   | Killed a skyshark
  9617 | Lair:2   | 9617 ||| INVOKING Heroism.
  9694 | Lair:2   | 9694 ||| INVOKING Heroism.
  9766 | Lair:2   | 9766 ||| READING scroll of enchant weapon.
  9766 | Lair:2   | 9766 ||| ENCHANTING +5 heavy war axe.
 10128 | Lair:2   | Noticed an ice dragon
 10129 | Lair:2   | 10129 ||| INVOKING Heroism.
 10132 | Lair:2   | 10132 ||| Stepping ~*~*~tactically~*~*~ (cloud).
 10134 | Lair:2   | 10134 ||| Stepping ~*~*~tactically~*~*~ (cloud).
 10138 | Lair:2   | 10138 ||| Stepping ~*~*~tactically~*~*~ (cloud).
 10142 | Lair:2   | Killed an ice dragon
 10142 | Lair:2   | Received a gift from Okawaru
 10446 | Lair:2   | 10446 ||| READING scroll labelled BORPHO HUOXUST.
 10486 | Lair:3   | Noticed a lindwurm
 10487 | Lair:3   | 10487 ||| INVOKING Heroism.
 10491 | Lair:3   | Killed a lindwurm
 10492 | Lair:3   | Reached skill level 3 in Throwing
 10492 | Lair:3   | Reached XP level 12. HP: 71/76 MP: 13/16
 10517 | Lair:3   | 10517 ||| Stepping ~*~*~tactically~*~*~ (stealth).
 10526 | Lair:3   | Received a gift from Okawaru
 10527 | Lair:3   | Reached skill level 6 in Shields
 10533 | Lair:3   | 10533 ||| INVOKING Heroism.
 10539 | Lair:3   | Reached skill level 6 in Invocations
 10545 | Lair:3   | 10545 ||| Stepping ~*~*~tactically~*~*~ (stealth).
 10562 | Lair:3   | 10562 ||| Stepping ~*~*~tactically~*~*~ (stealth).
 10564 | Lair:3   | 10564 ||| INVOKING Heroism.
 10592 | Lair:3   | 10592 ||| Stepping ~*~*~tactically~*~*~ (stealth).
 10729 | Lair:3   | 10729 ||| Stepping ~*~*~tactically~*~*~ (cloud).
 10732 | Lair:3   | 10732 ||| INVOKING Heroism.
 10747 | Lair:3   | 10747 ||| Stepping ~*~*~tactically~*~*~ (stealth).
 10750 | Lair:3   | 10750 ||| Stepping ~*~*~tactically~*~*~ (stealth).
 10771 | Lair:3   | 10771 ||| Stepping ~*~*~tactically~*~*~ (stealth).
 10775 | Lair:3   | 10775 ||| INVOKING Heroism.
 10776 | Lair:3   | 10776 ||| Stepping ~*~*~tactically~*~*~ (stealth).
 10805 | Lair:3   | 10805 ||| INVOKING Heroism.
 10829 | Lair:3   | 10829 ||| READING scroll of enchant weapon.
 10829 | Lair:3   | 10829 ||| ENCHANTING +6 heavy war axe.
 10849 | Lair:3   | Found a runed translucent gate.
 10849 | Lair:3   | Found a runed translucent gate.
 10852 | Lair:3   | Found a runed translucent gate.
 10854 | Lair:3   | Noticed qw's ghost (journeyman GrFi)
 10949 | Lair:3   | 10949 ||| Stepping ~*~*~tactically~*~*~ (stealth).
 10972 | Lair:3   | 10972 ||| Stepping ~*~*~tactically~*~*~ (hiding).
 10973 | Lair:3   | 10973 ||| INVOKING Heroism.
 10975 | Lair:3   | Noticed a five-headed hydra
 10978 | Lair:3   | 10978 ||| SWAPPING to -2 demon whip of venom.
 10983 | Lair:3   | HP: 13/77 [five-headed hydra (10)]
 10984 | Lair:3   | 10984 ||| READING 8 scrolls of teleportation.
 10984 | Lair:3   | Killed from afar by a meliai

Levels and vault maps discovered:
D:1:      amcnicky_arrival_choice, layout_basic, reono_crystal_passage,
          corner_web_ring
D:2:      wander_river, layout_loops_corners, uniq_terence
D:3:      layout_basic, nicolae_tso_carved_into_rock,
          ebering_ecumenical_altar_hall, roderic_serpentine_path,
          amcnicky_mini_pool_small, uniq_natasha
D:4:      layout_loops_ring, kennysheep_diamond
D:5:      layout_loops_ring, temple_doors_e, serial_shops,
          nicolae_shop_tiny_real_fake_doors
D:6:      layout_loops_corners, nicolae_sif_muna_condensation,
          nicolae_ossuary_entry_ruins, serial_shops, shop
D:7:      layout_cave_pools, nicolae_overflow_hidden_temple, enter_bailey_5
D:8:      layout_cave_pools, dpeg_oklobed_lair
Temple:   regret_index_temple_sphere_string
Lair:1:   wad_woods_04, layout_cave_pods
Lair:2:   dragon1_lemuel, layout_regular_city, guppyfry_snake_entry_garden,
          grunt_forest_small_clearings, grunt_megastairs_5, uniq_amaemon
Lair:3:   regret_index_tunnel_blossom, layout_cave_pods,
          nicolae_shoals_entry_flooding, gammafunk_ghost_necromancy,
          serial_bayou_crossing

Skill      XL: |  1  2  3  4  5  6  7  8  9 10 11 12 |
---------------+-------------------------------------+-----
Axes           | 2 3 4 5 6 7 9 10 12 | 12.1
Fighting       | 4 5 6 7 8 9 10 | 10.0
Dodging        | 1 2 |  2.9
Armour         | 4 6 8 9 |  9.0
Shields        | 4 5 6 |  6.0
Throwing       | 2 3 |  3.4
Invocations    | 4 5 6 |  6.6

Action                     |  1- 3 |  4- 6 |  7- 9 | 10-12 || total
---------------------------+-------+-------+-------+-------++-------
  Melee: War axe           |    88 |   105 |   190 |   200 ||   583
         Flail             |       |       |       |     6 ||     6
         Demon whip        |       |       |       |     5 ||     5
  Throw: Boomerang         |       |     5 |    21 |    52 ||    78
         Javelin           |       |       |       |     8 ||     8
 Invoke: Heroism           |       |       |       |    18 ||    18
    Use: Scroll            |     2 |     3 |    19 |     5 ||    29
         Potion            |       |     2 |     1 |       ||     3
 Armour: Scale mail        |    33 |    57 |   104 |       ||   194
         Plate armour      |       |       |    29 |   244 ||   273
  Dodge: Dodged            |    40 |    34 |    78 |   132 ||   284
  Block: Buckler           |    14 |    16 |    43 |    60 ||   133

Table legend:
 A = Non-vault XP
 B = Vault XP
 C = Vault XP percentage of total XP
 D = Non-vault monster count
 E = Vault monster count
 F = Vault count percentage of total count
                 A         B        C        D         E       F
            +---------+---------+-------+---------+---------+-------
      Total |   14002 |    8512 |  37.8 |     195 |      78 |  28.6
            +---------+---------+-------+---------+---------+-------
        D:1 |      27 |       0 |   0.0 |      17 |       0 |   0.0
        D:2 |      65 |      36 |  35.6 |      25 |       1 |   3.8
        D:3 |     138 |      35 |  20.2 |      23 |       1 |   4.2
        D:4 |     284 |      44 |  13.4 |      25 |       2 |   7.4
        D:5 |     558 |       0 |   0.0 |      19 |       0 |   0.0
        D:6 |    1115 |       0 |   0.0 |      18 |       0 |   0.0
        D:7 |     824 |       8 |   1.0 |      10 |       4 |  28.6
        D:8 |    1190 |       0 |   0.0 |      24 |       0 |   0.0
     Lair:1 |    1262 |       0 |   0.0 |       4 |       0 |   0.0
     Lair:2 |    7675 |    3370 |  30.5 |      28 |       8 |  22.2
     Lair:3 |     864 |    3759 |  81.3 |       2 |      28 |  93.3
    Ossuary |       0 |    1260 | 100.0 |       0 |      34 | 100.0
            +---------+---------+-------+---------+---------+-------
